 Dungeon Crawl Stone Soup version 0.25-a0-949-gdd2af9e06e (webtiles) character file.

Game seed: 3679851440383764929, levelgen mode: deterministic

1305 Flugslaktarn the Chopper (level 8, 0/64 HPs)
             Began as a Formicid Fighter on May 8, 2020.
             Slain by a steam dragon (1 damage)
             ... on level 6 of the Dungeon.
             The game lasted 00:03:37 (6129 turns).

Flugslaktarn the Chopper (Formicid Fighter)         Turns: 6129, Time: 00:03:38

Health: 0/64       AC: 15    Str: 26    XL:     8   Next: 88%
Magic:  8/8        EV:  6    Int:  9    God:
Gold:   227        SH: 11    Dex: 11    Spells: 7/7 levels left

rFire    . . .     SeeInvis +   a - +1 war axe
rCold    . . .     Gourm    .   c - +0 kite shield
rNeg     . . .     Faith    .   z - +0 plate armour
rPois    .         Spirit   .   (helmet unavailable)
rElec    .         Reflect  .   (no cloak)
rCorr    .         Harm     .   j - +0 pair of gloves
MR       .....                  t - +0 pair of boots
Stlth    ..........             v - amulet of regeneration
HPRegen  0.60/turn              s - ring of teleportation (curse)
MPRegen  0.11/turn              u - +5 ring of strength

@: mighty
A: permanent stasis, dig shafts and tunnels, four strong arms, antennae 3
a: Dig, Shaft Self


You were on level 6 of the Dungeon.
You were not hungry.

You visited 2 branches of the dungeon, and saw 7 of its levels.

You collected 227 gold pieces.

Inventory:

Hand Weapons
 a - a +1 war axe (weapon)
Armour
 c - a +0 kite shield (worn)
 j - a +0 pair of gloves (worn)
   (You found it on level 3 of the Dungeon)
 t - a +0 pair of boots (worn)
   (You found it on level 5 of the Dungeon)
 z - a +0 plate armour (worn)
   (You took it off an orc warrior on level 6 of the Dungeon)
Jewellery
 s - a cursed ring of teleportation (left hand)
   (You found it on level 4 of the Dungeon)
 u - a +5 ring of strength (right hand)
   (You found it on level 2 of the Dungeon)
 v - an amulet of regeneration (around neck)
   (You found it on level 4 of the Dungeon)
Wands
 i - a wand of acid (7)
   (You found it on level 3 of the Dungeon)
Scrolls
 b - a scroll of fog
 f - a scroll of amnesia {unknown}
 h - a scroll of enchant weapon
 k - a scroll of noise {unknown}
 m - a scroll of blinking {unknown}
 p - a scroll of enchant armour {unknown}
 r - 2 scrolls of identify
 x - a scroll of fear {unknown}
 y - 2 scrolls of remove curse {unknown}
Potions
 g - a potion of invisibility
 n - a potion of resistance
 o - 2 potions of flight
 q - 4 potions of curing
Comestibles
 e - 4 rations
 l - 9 chunks of flesh


   Skills:
 + Level 5.9 Fighting
 * Level 6.7 Axes
 + Level 5.9 Armour
 + Level 6.4 Shields


You had 7 spell levels left.
You didn't know any spells.
Your spell library was empty.

Dungeon Overview and Level Annotations

Branches:
Dungeon (6/15)             Temple (1/1) D:4

Altars:
Ashenzari
Cheibriados
Dithmenos
Elyvilon
Fedhas
Hepliaklqana
Kikubaaqudgha
Makhleb
Nemelex Xobeh
Qazlal
Ru
Sif Muna
Trog
Uskayaw
Vehumet
Xom
Yredelemnul
Zin
The Shining One

Shops:
D:6 (=(

Annotations:
D:3 3 runed translucent doors, TrebMcFLY's ghost, amateur OgFi; p0werm0de's ghost, amateur MiFi


Innate Abilities, Weirdness & Mutations

You cannot be hasted, slowed, berserked, paralysed or teleported.
You can dig through walls and to a lower floor.
Your four strong arms can wield two-handed weapons with a shield.
You have a pair of large antennae on your head. (SInv)


Message History

The ball of steam hits you!
* * * LOW HITPOINT WARNING * * *
You block the steam dragon's attack. The steam dragon completely misses you.
You block the steam dragon's attack.
The steam dragon claws you but does no damage.
You barely miss the steam dragon.
The steam dragon is almost dead.
You completely miss the steam dragon. You slash the steam dragon!
You are engulfed in a cloud of scalding steam.
The steam dragon bites you!
* * * LOW HITPOINT WARNING * * *
You block the steam dragon's attack.
The steam dragon bites you but does no damage.
The steam dragon claws you but does no damage.
You block the steam dragon's attack.
The steam dragon claws you but does no damage.
The steam dragon bites you but does no damage.
The steam dragon claws you but does no damage.
The steam dragon bites you.
You die...

#..........######
#........#......#########
#...(....#.###..........##
#........#.# ##...##....∩.
#........#.# ###.........
#####.######### ###.......
#.#####.≈§## ##......
#...§#D..≈≈# ###....
#.#.§@D.8.§# ####..#.#
#.##.#D§.§≈###....##..
#.#####§.§.≈#..####### ...
###.≈#......... #.#
≈#.######## #.# ### #. {


You could see 3 steam dragons.

Vanquished Creatures
  Edmund (D:6)
  2 orc warriors (D:6)
  An ogre (D:6)
  A phantom (D:4)
  A bullfrog (D:5)
  A scorpion (D:4)
  2 crimson imps (D:6)
  A centaur skeleton (D:4)
  2 orc priests
  2 hounds (D:4)
  4 orc wizards
  An iguana (D:6)
  Natasha (thrice) (D:3)
  Terence (D:3)
  A worker ant (D:5)
  A killer bee zombie (D:6)
  A gnoll (D:1)
  7 adders
  2 shadow imps (D:5)
  An ooze (D:1)
  2 adder skeletons
  2 worms
  3 dart slugs
  4 leopard geckos
  17 orcs
  6 bats
  4 giant cockroaches
  2 gnoll zombies (D:5)
  8 goblins
  5 hobgoblins
  7 jackals
  6 quokkas
  2 ball pythons
  9 kobolds
  A leopard gecko zombie (D:6)
  A quokka skeleton (D:5)
  7 rats
122 creatures vanquished.

Vanquished Creatures (others)
  An orc wizard (D:5)
  2 withered plants (D:3)
3 creatures vanquished.

Grand Total: 125 creatures vanquished

Notes
Turn   | Place    | Note
-------+----------+-------------------------------------------
     0 | D:1      | Flugslaktarn the Formicid Fighter began the quest for the
                  | Orb.
     0 | D:1      | Reached XP level 1. HP: 18/18 MP: 1/1
    78 | D:1      | Reached XP level 2. HP: 16/24 MP: 2/2
   429 | D:1      | Reached XP level 3. HP: 29/29 MP: 3/3
   634 | D:1      | Found a shattered altar of Ashenzari.
   944 | D:2      | Reached XP level 4. HP: 37/37 MP: 4/4
  1348 | D:2      | Found a sparkling altar of Nemelex Xobeh.
  1839 | D:3      | Noticed Terence
  1857 | D:3      | Killed Terence
  1857 | D:3      | Reached XP level 5. HP: 33/42 MP: 5/5
  2303 | D:3      | Noticed Natasha
  2312 | D:3      | Killed Natasha
  2331 | D:3      | Noticed Natasha
  2340 | D:3      | Killed Natasha
  2506 | D:3      | Found a runed translucent gate.
  2506 | D:3      | Found a runed translucent gate.
  2506 | D:3      | Found a runed translucent gate.
  2507 | D:3      | Noticed TrebMcFLY's ghost (amateur OgFi)
  2508 | D:3      | Noticed TrebMcFLY's ghost (amateur OgFi)
  2508 | D:3      | Noticed p0werm0de's ghost (amateur MiFi)
  2540 | D:3      | Noticed Natasha
  2549 | D:3      | Killed Natasha
  2549 | D:3      | Reached XP level 6. HP: 14/48 MP: 6/6
  2893 | D:4      | Found a staircase to the Ecumenical Temple.
  2923 | Temple   | Entered the Ecumenical Temple
  2984 | D:4      | Noticed a phantom
  3019 | D:4      | Killed a phantom
  3019 | D:4      | Reached skill level 5 in Shields
  3098 | D:4      | You fall into a shaft and drop 1 floor!
  3098 | D:5      | Entered Level 5 of the Dungeon
  3275 | D:5      | Reached XP level 7. HP: 42/55 MP: 7/7
  3708 | D:4      | Reached skill level 5 in Axes
  3803 | D:4      | Found a sacrificial altar of Ru.
  4105 | D:5      | Found a stormy altar of Qazlal.
  4155 | D:5      | Found a basalt altar of Yredelemnul.
  4255 | D:5      | Found a shimmering blue altar of Sif Muna.
  4271 | D:5      | Reached skill level 5 in Fighting
  4271 | D:5      | Reached skill level 5 in Armour
  4273 | D:5      | Identified Sif Muna's Papyrus of Malediction
  4787 | D:6      | Found Luliwkio's Weapon Emporium.
  4787 | D:6      | Noticed Edmund
  4811 | D:6      | Killed Edmund
  4811 | D:6      | Reached XP level 8. HP: 37/62 MP: 8/8
  5676 | D:6      | Noticed a +0 dagger
  5683 | D:6      | Found a hide-covered altar of Uskayaw.
  5683 | D:6      | Noticed a +0 dagger
  6035 | D:6      | Found a snail-covered altar of Cheibriados.
  6048 | D:6      | Found Caiwk's Jewellery Shop.
  6093 | D:6      | Found Haecuoch's Weapon Shop.
  6129 | D:6      | HP: 1/64 [steam dragon (8)]
  6129 | D:6      | Slain by a steam dragon

Levels and vault maps discovered:
D:1:      dpeg_arrival_simpleton_a, layout_basic, ashenzari_altar_1
D:2:      layout_loops_cross, first_ration, nemelex_spade_bored_becter
D:3:      layout_loops_ring, gammafunk_ghost_cemetery, uniq_terence,
          uniq_natasha
D:4:      layout_rooms, lemuel_coloured_pillars_altar, minmay_temple_entry_mist,
          serial_bayou_lake_a
D:5:      layout_loops_corners, lemuel_zombie_altar_yredelemnul, led_sif_book,
          basic_altar
D:6:      cheibrodos_steamvent, layout_rooms, kennysheep_slug_shrine,
          dancing_weapons_uskayaw, serial_shops, shop,
          nicolae_shop_temple_entry_statues_fountains, shop, shop_fountains,
          nrook_campfire, minmay_crossroads, uniq_edmund
Temple:   cyrus_circular_temple

Skill      XL: |  1  2  3  4  5  6  7  8 |
---------------+-------------------------+-----
Shields        | 4 5 6 |  6.4
Axes           | 3 4 5 6 |  6.7
Armour         | 4 5 |  5.9
Fighting       | 4 5 |  5.9

Action                   |  1- 3 |  4- 6 |  7- 9 || total
-------------------------+-------+-------+-------++-------
Melee: War axe           |    85 |   169 |   216 ||   470
  Use: Scroll            |       |     6 |     5 ||    11
       Potion            |       |       |     5 ||     5
  Eat: Chunk             |       |     6 |     8 ||    14
       Ration            |       |     1 |       ||     1
Armor: Scale mail        |    37 |    22 |       ||    59
       Chain mail        |       |    47 |    64 ||   111
       Plate armour      |       |       |    74 ||    74
Dodge: Dodged            |    33 |    51 |    59 ||   143
Block: Kite shield       |    49 |    93 |   165 ||   307

Table legend:
 A = Non-vault XP
 B = Vault XP
 C = Vault XP percentage of total XP
 D = Non-vault monster count
 E = Vault monster count
 F = Vault count percentage of total count
                 A         B        C        D         E       F
            +---------+---------+-------+---------+---------+-------
      Total |    1478 |     387 |  20.8 |     114 |       9 |   7.3
            +---------+---------+-------+---------+---------+-------
        D:1 |      66 |       0 |   0.0 |      27 |       0 |   0.0
        D:2 |      35 |       0 |   0.0 |      17 |       0 |   0.0
        D:3 |     100 |      72 |  41.9 |      12 |       2 |  14.3
        D:4 |     342 |       0 |   0.0 |      11 |       0 |   0.0
        D:5 |     218 |     145 |  39.9 |      20 |       5 |  20.0
        D:6 |     717 |     170 |  19.2 |      27 |       2 |   6.9
            +---------+---------+-------+---------+---------+-------
